 Dungeon Crawl Stone Soup version 0.26-a0-540-g8a0c9464d7 (webtiles) character file.

Game seed: 11638249009939238984

65856 HoaS the Wrestler (level 15, -1/76 HPs)
             Began as a Gargoyle Gladiator on Aug 24, 2020.
             Was the Champion of Makhleb.
             Slain by a harpy (8 damage)
             ... summoned by Kirke
             ... on level 11 of the Dungeon.
             The game lasted 00:48:32 (16457 turns).

HoaS the Wrestler (Gargoyle Gladiator)             Turns: 16457, Time: 00:48:32

Health: -1/76      AC:  0    Str: 25    XL:     15   Next: 17%
Magic:  15/15      EV: 18    Int:  8    God:    Makhleb [******]
Gold:   1593       SH:  0    Dex: 11    Spells: 14/14 levels left

rFire    . . .     SeeInvis .     - Unarmed
rCold    . . .     Faith    .   (shield currently unavailable)
rNeg     + . .     Spirit   .   (armour currently unavailable)
rPois    ∞         Reflect  .   (helmet currently unavailable)
rElec    .         Harm     .   (cloak currently unavailable)
rCorr    .                      (gloves currently unavailable)
MR       +....                  (boots currently unavailable)
Stlth    +.........             t - amulet of regeneration
HPRegen  0.62/turn              (ring currently unavailable)
MPRegen  0.14/turn              (ring currently unavailable)

@: about to teleport, pig-form, flying, slowed, studying Fighting
A: small, negative energy resistance 1, petrification resistance, rot immunity,
AC +11
a: Minor Destruction, Lesser Servant of Makhleb, Major Destruction, Greater
Servant of Makhleb, Renounce Religion


You were on level 11 of the Dungeon.
You worshipped Makhleb.
Makhleb was exalted by your worship.
You were a filthy swine.
You visited 3 branches of the dungeon, and saw 19 of its levels.
You also visited: Bailey.

You collected 1593 gold pieces.

Inventory:

Missiles
 d - 50 poisoned darts (quivered)
 q - 15 boomerangs
 A - 18 javelins
 M - 7 curare-tipped darts
Armour
 e - a +0 pair of boots (melded)
 s - a +5 crystal plate armour (melded)
 w - a +2 helmet (melded)
 z - the +2 ratskin cloak (melded) {*Rats rPois rN+ Str-1 Int-1 Dex+1}
   (You found it on level 5 of the Dungeon)

   It affects your strength (-1).
   It affects your intelligence (-1).
   It affects your dexterity (+1).
   It protects you from poison.
   It protects you from negative energy.
Jewellery
 g - a ring of resist corrosion (melded)
 o - a +6 ring of strength (melded)
 t - an amulet of regeneration (around neck)
 D - an uncursed ring of fire
 E - an uncursed ring of positive energy
 G - an uncursed ring of protection from cold
 L - an uncursed ring of ice
Wands
 b - a wand of random effects (12)
 c - a wand of iceblast (6)
 k - a wand of digging (6)
 v - a wand of paralysis (21)
 F - a wand of flame (51)
 I - a wand of acid (11)
 J - a wand of enslavement (8)
Scrolls
 i - 7 scrolls of teleportation
 j - 3 scrolls of remove curse
 l - 5 scrolls of identify
 y - 2 scrolls of fog
 B - 3 scrolls of summoning
 H - 2 scrolls of blinking
Potions
 a - 5 potions of heal wounds
 f - 2 potions of haste
 h - 2 potions of ambrosia
 m - 2 potions of resistance
 n - 7 potions of curing
 p - 4 potions of flight
 r - 2 potions of might
 u - 4 potions of lignification
 x - 2 potions of mutation
 K - a potion of invisibility
 N - a potion of berserk rage {unknown}
Books
 C - a manual of Fighting


   Skills:
 - Level 2.1 Fighting
 - Level 1.7 Throwing
 - Level 7.8 Dodging
 + Level 22.3 Unarmed Combat


You had 14 spell levels left.
You didn't know any spells.
Your spell library contained the following spells:

 Spells                   Type           Power        Failure   Level
 Apportation              Tloc           #.....       41%         1
 Corona                   Hex            #......      41%         1
 Magic Dart               Conj           #...         41%         1
 Sandblast                Erth           #.....       41%         1
 Blink                    Tloc           N/A          54%         2
 Call Imp                 Summ           #.......     54%         2
 Passwall                 Tmut/Erth      #.......     54%         2
 Slow                     Hex            #.......     54%         2
 Confusing Touch          Hex            #.......     78%         3
 Conjure Flame            Conj/Fire      #.......     78%         3
 Gell's Gravitas          Tloc           #.........   78%         3
 Inner Flame              Hex/Fire       #.......     78%         3
 Mephitic Cloud           Conj/Pois/Air  #.......     78%         3
 Portal Projectile        Hex/Tloc       #.....       78%         3
 Stone Arrow              Conj/Erth      #.....       78%         3
 Cause Fear               Hex            #.........   99%         4
 Leda's Liquefaction      Hex/Erth       #.........   99%         4
 Passage of Golubria      Tloc           N/A          99%         4
 Petrify                  Tmut/Erth      #.......     99%         4
 Borgnjor's Vile Clutch   Necr/Erth      #.........   100%        5
 Lee's Rapid Deconstruct  Erth           #.........   100%        5
 Metabolic Englaciation   Hex/Ice        #.........   100%        5
 Summon Forest            Summ/Tloc      #.........   100%        5
 Yara's Violent Unravell  Hex/Tmut       #.........   100%        5
 Iron Shot                Conj/Erth      #.........   100%        6
 Disjunction              Tloc           #.........   100%        8
 Shatter                  Erth           #.........   100%        9


Dungeon Overview and Level Annotations

Branches:
Dungeon (12/15)            Temple (1/1) D:6            Lair (6/6) D:8
  Swamp (0/4) Lair:4       Spider (0/4) Lair:2        Slime (0/5) Lair:6
 Bailey (visited)
    Orc: D:9-12

Altars:
Ashenzari
Cheibriados
Dithmenos
Elyvilon
Fedhas
Gozag
Hepliaklqana
Kikubaaqudgha
Makhleb
Nemelex Xobeh
Okawaru
Qazlal
Ru
Sif Muna
Trog
Uskayaw
Vehumet
Wu Jian
Xom
Yredelemnul
Zin
The Shining One

Shops:
D:8 (

Portals:
Hell: Lair:6

Annotations:
D:11 Kirke
D:12 Frances


Innate Abilities, Weirdness & Mutations

You are resistant to torment.
((Your stone body is resilient. (AC +11)))
You are immune to poison.
((Your large and strong wings let you fly indefinitely.))
You resist negative energy. (rN+)
((You are resistant to electric shocks. (rElec)))
((You can survive without breathing.))
You are immune to petrification.
You are immune to rotting.


Message History

The hog bites you. Kirke casts a spell at you.
You feel a momentary urge to oink. The hog bites you!
You bite Kirke!
Kirke is lightly wounded.
Kirke shouts, "You pig!
I'll make you look the way you deserve."
Kirke hits you! The hog completely misses you.
You closely miss Kirke.
Kirke is lightly wounded.
Kirke casts a spell.
Kirke summons some harpies!
The hog closely misses you. Kirke hits you! The hog closely misses you.
Okay, then.
As you read the scroll of teleportation, it crumbles to dust.
You feel strangely unstable. The harpy claws you!
* * * LOW HITPOINT WARNING * * *
The harpy misses you. The harpy claws you!
* * * LOW HITPOINT WARNING * * *
The harpy claws you!
You die...

............##..##..###
................>.....#
...>#.......##.......##
.....#.....###.......#
.....#....)###.....###
#..........##.......##
....#.##....##..?....#
#.###............h.^.#
#..##..........@h....#######
##..##...##....H.H...##..#.##
#...##...#..............(...##
##.)#)...##.........(.....#..#
....).#...........)).[....#..####
....##...........[.(..##......#.#
.....#.......#...(....#.........#
.#...............................
.#....##...###...##..............


You could see Kirke, 2 harpies and a hog.

Vanquished Creatures
  Nessos (D:12)
  A dire elephant (Lair:6)
  Snorg (D:12)
  Josephine (Lair:4)
  Erolcha (D:9)
  8 hydras
  4 death yaks
  3 two-headed ogres
  A sun demon (Lair:6)
  4 lindwurms
  A wizard (Lair:6)
  2 oklob plants
  An orb spider (Lair:2)
  A deep elf mage (D:11)
  A cyclops (D:11)
  5 black mambas
  3 elephants (Lair:6)
  11 cane toads
  A smoke demon (Lair:6)
  An orange demon (Lair:6)
  9 komodo dragons
  A kobold demonologist (D:11)
  3 rime drakes (Lair:6)
  4 red devils (Lair:6)
  A troll (D:11)
  A polar bear (Lair:6)
  Grinder (D:5)
  A hornet (D:12)
  8 hippogriffs
  21 blink frogs
  12 dream sheep
  3 slime creatures (Lair:6)
  A meliai zombie (D:12)
  2 shadows (D:11)
  4 wraiths
  4 hogs (D:11)
  2 wyverns
  4 basilisks
  25 yaks
  A swamp worm (Lair:4)
  5 hell hounds (Lair:6)
  8 porcupines
  15 orc warriors
  7 water moccasins
  2 ice beasts (D:9)
  A hornet zombie (D:5)
  4 black bears
  3 sky beasts
  A phantom (D:9)
  3 eyes of draining
  5 ogres
  5 wolves (Lair:2)
  16 centaurs
  12 crocodiles
  Blork the orc (D:6)
  18 bullfrogs
  2 gnoll sergeants
  7 scorpions
  12 killer bees (D:12)
  11 wights
  3 howler monkeys (D:10)
  2 bullfrog zombies
  2 centaur zombies
  6 hounds
  7 orc priests
  An iron imp (D:6)
  A gnoll shaman (D:7)
  A bullfrog skeleton (D:12)
  4 jellies
  4 centaur skeletons
  3 orc wizards
  7 worker ants
  5 iguanas
  3 hell rats
  A hound zombie (D:7)
  A worker ant zombie (D:6)
  6 gnolls
  A howler monkey skeleton (D:4)
  13 river rats
  9 adders
  3 shadow imps
  2 white imps
  3 ufetubi
  2 adder zombies (D:8)
  An adder skeleton (D:5)
  2 worms
  5 dart slugs
  3 leopard geckos
  74 orcs
  3 ball pythons
  7 bats
  7 giant cockroaches
  10 hobgoblins
  2 jackals (D:9)
  5 quokkas
  5 frilled lizards
  11 goblins
  2 goblin skeletons (D:6)
  A goblin zombie (D:6)
  2 hobgoblin zombies (D:6)
  2 jackal skeletons
  A jackal zombie (D:6)
  13 kobolds
  A kobold skeleton (D:6)
  A kobold zombie (D:6)
  A leopard gecko skeleton (D:4)
  An orc skeleton (D:6)
  An orc zombie (D:6)
  24 rats
  A plant (Lair:3)
574 creatures vanquished.

Vanquished Creatures (collateral kills)
  A hydra (Lair:4)
  A lindwurm (Lair:4)
  An oklob plant (Lair:3)
  A black bear (D:8)
  3 orc warriors (D:9)
  An orc (D:9)
8 creatures vanquished.

Vanquished Creatures (others)
  16 fungi
  A plant (D:8)
17 creatures vanquished.

Grand Total: 599 creatures vanquished

Notes
Turn   | Place    | Note
-------+----------+-------------------------------------------
     0 | D:1      | HoaS the Gargoyle Gladiator began the quest for the Orb.
     0 | D:1      | Reached XP level 1. HP: 12/12 MP: 1/1
   103 | D:1      | Reached XP level 2. HP: 17/17 MP: 2/2
   572 | D:1      | Reached skill level 4 in Unarmed Combat
   857 | D:2      | Reached XP level 3. HP: 21/21 MP: 3/3
  1537 | D:3      | Reached XP level 4. HP: 20/26 MP: 4/4
  1589 | D:3      | Reached skill level 5 in Unarmed Combat
  2162 | D:4      | Reached XP level 5. HP: 18/30 MP: 5/5
  2206 | D:4      | Reached skill level 6 in Unarmed Combat
  2279 | D:4      | Reached XP level 6. HP: 31/35 MP: 6/6
  2473 | D:4      | Reached skill level 7 in Unarmed Combat
  2955 | D:4      | Reached XP level 7. HP: 29/40 MP: 7/7
  3237 | D:4      | Identified the cursed +0 chain mail of Absolutism {Rampage
                  | rPois rC+ rN+}
  3498 | D:5      | Entered Level 5 of the Dungeon
  3498 | D:5      | Noticed a hornet
  3505 | D:5      | Reached skill level 8 in Unarmed Combat
  3669 | D:5      | Noticed Grinder
  3671 | D:5      | Paralysed by Grinder for 3 turns
  3682 | D:5      | Paralysed by Grinder for 6 turns
  3699 | D:5      | Paralysed by Grinder for 3 turns
  3710 | D:5      | Killed Grinder
  3710 | D:5      | Reached skill level 9 in Unarmed Combat
  3710 | D:5      | Reached XP level 8. HP: 42/44 MP: 8/8
  4077 | D:5      | Found a sacrificial altar of Ru.
  4082 | D:5      | Found an ancient bone altar of Kikubaaqudgha.
  4082 | D:5      | Found a hide-covered altar of Uskayaw.
  4084 | D:5      | Found a shattered altar of Ashenzari.
  4087 | D:5      | Found a radiant altar of Vehumet.
  4199 | D:5      | Reached skill level 10 in Unarmed Combat
  4291 | D:5      | Found the +2 ratskin cloak {*Rats rPois rN+ Str-1 Int-1
                  | Dex+1}
  4580 | D:6      | Found an ornate altar of the Wu Jian Council.
  4586 | D:6      | Found an opulent altar of Gozag.
  4612 | D:6      | Found a staircase to the Ecumenical Temple.
  4626 | Temple   | Entered the Ecumenical Temple
  4825 | Temple   | Became a worshipper of Makhleb the Destroyer
  4877 | D:6      | Found a glowing golden altar of the Shining One.
  5308 | D:6      | Reached * piety under Makhleb
  5308 | D:6      | Reached skill level 11 in Unarmed Combat
  5338 | D:6      | Noticed Blork the orc
  5345 | D:6      | Reached XP level 9. HP: 38/48 MP: 9/9
  5349 | D:6      | Killed Blork the orc
  5617 | D:7      | Noticed a seven-headed hydra
  5647 | D:7      | Found a transporter.
  5942 | D:7      | Found a transporter.
  6049 | D:7      | Reached skill level 12 in Unarmed Combat
  6074 | D:7      | Found a snail-covered altar of Cheibriados.
  6274 | D:7      | Found a bloodstained altar of Trog.
  6509 | D:8      | Reached ** piety under Makhleb
  6567 | D:8      | Noticed a two-headed ogre
  6597 | D:8      | Reached skill level 13 in Unarmed Combat
  6613 | D:8      | Killed a two-headed ogre
  6613 | D:8      | Reached XP level 10. HP: 53/53 MP: 10/10
  6653 | D:8      | Found Gimij's Antique Weapon Emporium.
  6682 | D:8      | Reached skill level 14 in Unarmed Combat
  6765 | D:8      | Found a staircase to the Lair.
  6792 | D:8      | Found a shimmering altar of Xom.
  6813 | D:8      | Found a flagged portal.
  6823 | Bailey   | Entered a bailey
  7072 | Bailey   | Reached skill level 15 in Unarmed Combat
  7287 | Bailey   | Reached *** piety under Makhleb
  7866 | D:9      | Reached XP level 11. HP: 49/57 MP: 11/11
  8086 | D:9      | Reached skill level 16 in Unarmed Combat
  8269 | D:9      | Reached **** piety under Makhleb
  8458 | D:9      | Noticed Erolcha
  8466 | D:9      | Killed Erolcha
  8730 | D:10     | Entered Level 10 of the Dungeon
  8890 | D:10     | Reached XP level 12. HP: 62/62 MP: 12/12
  9007 | D:10     | Identified the Reference Book on Stones
  9180 | D:10     | Noticed a two-headed ogre
  9200 | D:10     | Killed a two-headed ogre
  9459 | Lair:1   | Entered Level 1 of the Lair of Beasts
  9479 | Lair:1   | Reached skill level 17 in Unarmed Combat
  9498 | Lair:1   | Noticed an eight-headed hydra
  9505 | Lair:1   | Killed an eight-headed hydra
  9870 | Lair:1   | Reached XP level 13. HP: 66/66 MP: 13/13
  9908 | Lair:1   | Reached skill level 18 in Unarmed Combat
 10525 | Lair:2   | You fall into a shaft and drop 2 floors!
 10539 | Lair:4   | Reached ***** piety under Makhleb
 10692 | Lair:4   | Reached skill level 19 in Unarmed Combat
 10809 | Lair:4   | Noticed Josephine
 10822 | Lair:4   | Killed Josephine
 11176 | Lair:2   | Found a shadowy altar of Dithmenos.
 11201 | Lair:2   | Found a hole to the Spider Nest.
 11970 | Lair:3   | Reached skill level 20 in Unarmed Combat
 12083 | Lair:3   | Gained mutation: Your large and strong wings let you fly
                  | indefinitely. [Gargoyle growth]
 12083 | Lair:3   | Reached XP level 14. HP: 72/72 MP: 14/14
 13111 | Lair:4   | Found a staircase to the Swamp.
 13352 | Lair:4   | Identified Orrom's Grimoire of Dusty Dislocation
 14042 | Lair:6   | Entered Level 6 of the Lair of Beasts
 14075 | Lair:6   | Found a staircase to the Slime Pits.
 14248 | Lair:6   | Reached skill level 21 in Unarmed Combat
 14707 | Lair:6   | Noticed a dire elephant
 14713 | Lair:6   | Killed a dire elephant
 14751 | Lair:6   | Found a burning altar of Makhleb.
 14926 | Lair:6   | Reached ****** piety under Makhleb
 14997 | Lair:6   | Found a gateway to Hell.
 15786 | D:11     | Reached XP level 15. HP: 76/76 MP: 15/15
 15854 | D:11     | Reached skill level 22 in Unarmed Combat
 16103 | D:12     | Noticed Snorg
 16122 | D:12     | Killed Snorg
 16262 | D:12     | Noticed Nessos
 16285 | D:12     | Killed Nessos
 16325 | D:12     | Noticed Frances
 16357 | D:12     | Noticed Kirke
 16457 | D:11     | Slain by a harpy

Illustrated notes

Levels and vault maps discovered:
D:1:      wander_arrival_chamber, layout_basic
D:2:      layout_loops_cross
D:3:      layout_basic
D:4:      minmay_clustersquares, layout_layer_cave
D:5:      wander_guarded_unrand_ratskin, layout_basic, minitemple,
          lightli_minifort, uniq_grinder
D:6:      layout_cave_pods, chequers_temple_overflow_statue_of_worship,
          nicolae_tso_besieged_by_evil, minmay_temple_entry_sparse_star,
          uniq_blork_the_orc
D:7:      gammafunk_the_bubble [the_bubble_gammafunk_crates], layout_loops_ring,
          cheibriados_altar_1, marbit_many_paths
D:8:      layout_rooms, lemuel_round_altar, due_lair_maze_entry_diamond,
          serial_shops, shop_coins, enter_bailey_2, kennysheep_generic_room_5
D:9:      layout_basic, special_room [special_room_orc], serial_glass,
          glass_columns_a, glass_columns_c, uniq_erolcha
D:10:     layout_small_grid
D:11:     layout_cave_pools, minmay_starry_boxes
D:12:     layout_big_octagon, hiddenorc2_lemuel, uniq_nessos, uniq_snorg,
          uniq_frances, uniq_kirke
Temple:   minmay_temple_curvy_loop
Lair:1:   layout_long_grid, kennysheep_rathole, infiniplex_staircase_pool_2
Lair:2:   wander_river, layout_cave_pods, nicolae_spider_entry_orb_guardian,
          basic_altar
Lair:3:   layout_loops_ring, grunt_megastairs_4, minmay_lair_oklob_chamber,
          serial_bayou_shore_a
Lair:4:   layout_long_grid, palyth_hydra_swamp_entry, minmay_lindwurm_lava,
          grunt_megastairs_3, uniq_josephine
Lair:5:   layout_gridlike
Lair:6:   evil_forest, layout_misc_corridors, minmay_slime_entry_pillars

Skill      XL: |  1  2  3  4  5  6  7  8  9 10 11 12 13 14 15 |
---------------+----------------------------------------------+-----
Unarmed Combat | 4 5 6 7 9 11 13 15 16 17 20 21 22 | 22.3
Dodging        | 7 |  7.8
Fighting       | |  2.1
Throwing       | |  1.7

Action                   |  1- 3 |  4- 6 |  7- 9 | 10-12 | 13-15 || total
-------------------------+-------+-------+-------+-------+-------++-------
Melee: Unarmed           |   140 |   196 |   372 |   505 |  1000 ||  2213
       Punch             |     5 |     6 |    22 |    35 |    93 ||   161
Throw: Throwing net      |       |       |     4 |     2 |     1 ||     7
       Dart              |       |       |     1 |     2 |       ||     3
 Abil: Fly               |       |       |       |       |     1 ||     1
Evoke: Wand              |       |       |       |     4 |     3 ||     7
  Use: Scroll            |     4 |     4 |    12 |     9 |    18 ||    47
       Potion            |       |       |     1 |     1 |     6 ||     8
 Stab: Held in net/web   |       |       |     2 |       |       ||     2
Armor: Leather armour    |    13 |       |       |       |       ||    13
       Chain mail        |    41 |       |       |       |       ||    41
       Swamp dragon scal |    18 |    72 |       |       |       ||    90
       Crystal plate arm |       |    80 |   291 |   494 |   881 ||  1746
Dodge: Dodged            |    52 |   117 |    59 |   148 |   345 ||   721

Table legend: (Time is in decaauts)
 A = Elapsed time spent in this place.
 B = Non-inter-level travel time spent in this place.
 C = Inter-level travel time spent in this place.
 D = Time resting spent in this place.
 E = Time spent auto-exploring this place.
 F = Levels seen in this place.
 G = Mean time per level.
                   A        B        C        D        E       F      G
               +--------+--------+--------+--------+--------+-----+--------+
         Total |  15870 |  14758 |   1112 |    362 |  10305 |  20 |  793.5 |
       Dungeon |   9329 |   8636 |    693 |    151 |   6133 |  12 |  777.4 |
        Temple |    222 |    200 |     22 |      0 |    189 |   1 |  222.0 |
          Lair |   5484 |   5088 |    396 |    163 |   3711 |   6 |  914.0 |
        Bailey |    833 |    833 |      0 |     48 |    271 |   1 |  833.0 |
               +--------+--------+--------+--------+--------+-----+--------+

Top non-repeatable levels by time:
     D:4: 1433 daAuts
  Lair:4: 1092 daAuts
  Lair:2: 1056 daAuts
     D:6: 996 daAuts
  Lair:6: 961 daAuts
  Lair:1: 949 daAuts
     D:7: 930 daAuts
     D:5: 883 daAuts
     D:9: 869 daAuts
  Bailey: 833 daAuts
  Lair:3: 795 daAuts
     D:1: 784 daAuts
     D:2: 699 daAuts
    D:11: 646 daAuts
  Lair:5: 628 daAuts
